[ PARTIDA AOE2 · #506634331 ]
UnrankedTeutones vs Incas
Equipo del jugador · VICT
Equipo rival · DERR
[ ANÁLISIS DE REPETICIÓN · EXTRAÍDO DE LA PARTIDA GRABADA ]
Feudal
8:51
Castillos
21:10
Imperial
—
| APM promedio | 66.3 |
| APM pico | 101 |
| eAPM promedio | 22.9 |
| Aldeanos / militares | 43 / 16 |
Foco
⚔️ 37.6% · 🌾 62.4%
Archer ×12 · Knight ×2 · Mangonel ×2
Feudal
11:45
Castillos
15:19
Imperial
—
| APM promedio | 56.7 |
| APM pico | 119 |
| eAPM promedio | 27.0 |
| Aldeanos / militares | 49 / 14 |
Foco
⚔️ 36.1% · 🌾 63.9%
Scorpion ×9 · Battering Ram ×3 · Mangonel ×2
Mapa de la partida
Recursos iniciales + cada clic de construcción. Líneas = muros · curvas = relieve. ◆ oro · ⬟ piedra · ● bayas · ✦ reliquia · ◌ hueco del cierre
Tu base· Abierta — hueco de 6t
Base de Oni.Lewis· Abierta — flanco sin cerrar
Terreno inicial suavizado · ◌ = hueco del cierre detectado · pasá el cursor para detalles
Inputs por minuto
— _LY_Yo - - Oni.Lewis
Build order — _LY_Yo
119 acciones detectadas en el replay
| 0:00 | Crear | Villager (Male) |
| 0:01 | Crear | Villager (Male) |
| 0:02 | Construir | House |
| 0:03 | Construir | House |
| 0:10 | Crear | Villager (Male) |
| 0:11 | Crear | Villager (Male) |
| 1:26 | Crear | Villager (Male) |
| 1:26 | Crear | Villager (Male) |
| 2:03 | Construir | Lumber Camp |
| 2:04 | Crear | Villager (Male) |
| 2:04 | Crear | Villager (Male) |
| 2:17 | Crear | Villager (Male) |
| 2:17 | Crear | Villager (Male) |
| 2:45 | Crear | Villager (Male) |
| 2:46 | Crear | Villager (Male) |
| 3:01 | Crear | Villager (Male) |
| 3:34 | Crear | Villager (Male) |
| 3:34 | Crear | Villager (Male) |
| 3:49 | Construir | House |
| 3:53 | Crear | Villager (Male) |
| 3:53 | Crear | Villager (Male) |
| 4:12 | Crear | Villager (Male) |
| 4:13 | Crear | Villager (Male) |
| 4:49 | Crear | Villager (Male) |
| 4:57 | Crear | Villager (Male) |
| 5:11 | Construir | Mining Camp |
| 5:45 | Crear | Villager (Male) |
| 6:08 | Investigar | Loom |
| 6:37 | Investigar | Feudal Age |
| 7:20 | Construir | House |
| 7:33 | Crear | Villager (Male) |
| 7:33 | Crear | Villager (Male) |
| 7:57 | Construir | Barracks |
| 8:51 | Edad | Edad Feudal |
| 8:55 | Construir | Archery Range |
| 9:06 | Crear | Villager (Male) |
| 9:19 | Construir | Mill |
| 9:20 | Investigar | Double-Bit Axe |
| 9:45 | Crear | Archer |
| 9:52 | Crear | Villager (Male) |
| 10:08 | Construir | Farm |
| 10:08 | Construir | Farm |
| 10:10 | Construir | House |
| 10:19 | Crear | Archer |
| 10:27 | Crear | Villager (Male) |
| 10:35 | Construir | House |
| 10:45 | Crear | Villager (Male) |
| 10:59 | Crear | Archer |
| 11:16 | Crear | Villager (Male) |
| 11:19 | Construir | Blacksmith |
| 11:28 | Construir | House |
| 11:31 | Construir | House |
| 11:35 | Crear | Archer |
| 11:52 | Crear | Villager (Male) |
| 11:54 | Construir | Farm |
| 11:54 | Crear | Villager (Male) |
| 12:06 | Construir | Palisade Wall |
| 12:17 | Investigar | Fletching |
| 12:17 | Crear | Archer |
| 12:22 | Construir | House |
| 12:23 | Construir | Palisade Wall |
| 12:25 | Construir | Palisade Wall |
| 12:28 | Crear | Villager (Male) |
| 12:33 | Construir | Farm |
| 12:38 | Construir | Palisade Wall |
| 12:45 | Construir | Watch Tower |
| 12:51 | Crear | Villager (Male) |
| 12:58 | Construir | Farm |
| 13:10 | Construir | Mining Camp |
| 13:19 | Crear | Villager (Male) |
| 13:33 | Crear | Archer |
| 13:34 | Crear | Villager (Male) |
| 13:55 | Crear | Villager (Male) |
| 14:01 | Construir | House |
| 14:09 | Construir | Farm |
| 14:10 | Construir | Farm |
| 14:10 | Construir | Farm |
| 14:12 | Crear | Archer |
| 14:22 | Construir | Palisade Wall |
| 14:38 | Crear | Villager (Male) |
| 14:40 | Crear | Archer |
| 14:52 | Construir | Farm |
| 14:58 | Crear | Villager (Male) |
| 15:07 | Crear | Archer |
| 15:14 | Construir | House |
| 15:14 | Construir | House |
| 15:26 | Construir | Outpost |
| 15:29 | Investigar | Town Watch |
| 15:30 | Investigar | Town Watch |
| 15:31 | Construir | Farm |
| 15:43 | Crear | Archer |
| 15:53 | Construir | Outpost |
| 15:56 | Construir | Farm |
| 16:00 | Crear | Archer |
| 16:11 | Crear | Villager (Male) |
| 16:22 | Crear | Villager (Male) |
| 16:35 | Crear | Villager (Male) |
| 16:41 | Crear | Villager (Male) |
| 16:43 | Construir | Outpost |
| 16:55 | Construir | Farm |
| 17:00 | Construir | Lumber Camp |
| 17:07 | Construir | Watch Tower |
| 17:14 | Crear | Archer |
| 17:31 | Crear | Villager (Male) |
| 18:13 | Construir | Watch Tower |
| 18:30 | Investigar | Castle Age |
| 18:30 | Investigar | Castle Age |
| 19:54 | Construir | Mining Camp |
| 20:13 | Construir | Market |
| 20:39 | Construir | Watch Tower |
| 21:10 | Edad | Edad de los Castillos |
| 21:15 | Construir | Watch Tower |
| 21:20 | Construir | Siege Workshop |
| 22:04 | Crear | Mangonel |
| 22:04 | Crear | Mangonel |
| 24:27 | Construir | Town Center |
| 24:41 | Construir | Stable |
| 24:59 | Crear | Knight |
| 25:30 | Crear | Knight |
Build order — Oni.Lewis
103 acciones detectadas en el replay
| 0:00 | Crear | Villager (Male) |
| 0:01 | Crear | Villager (Male) |
| 0:02 | Construir | House |
| 0:09 | Crear | Villager (Male) |
| 0:11 | Crear | Villager (Male) |
| 1:18 | Crear | Villager (Male) |
| 1:46 | Construir | Settlement |
| 1:52 | Crear | Villager (Male) |
| 2:20 | Crear | Villager (Male) |
| 2:43 | Crear | Villager (Male) |
| 3:18 | Crear | Villager (Male) |
| 3:18 | Crear | Villager (Male) |
| 3:37 | Crear | Villager (Male) |
| 4:00 | Crear | Villager (Male) |
| 4:17 | Crear | Villager (Male) |
| 4:31 | Crear | Villager (Male) |
| 4:41 | Construir | Settlement |
| 4:47 | Crear | Villager (Male) |
| 5:08 | Crear | Villager (Male) |
| 5:13 | Crear | Villager (Male) |
| 5:20 | Crear | Villager (Male) |
| 5:39 | Crear | Villager (Male) |
| 6:31 | Crear | Villager (Male) |
| 7:07 | Crear | Villager (Male) |
| 7:11 | Construir | Settlement |
| 7:25 | Crear | Villager (Male) |
| 7:47 | Crear | Villager (Male) |
| 7:56 | Crear | Villager (Male) |
| 8:05 | Construir | Palisade Gate |
| 8:12 | Crear | Villager (Male) |
| 8:17 | Construir | Palisade Wall |
| 8:18 | Construir | Palisade Wall |
| 8:18 | Construir | Palisade Wall |
| 8:18 | Construir | Palisade Wall |
| 8:19 | Construir | Palisade Wall |
| 8:19 | Construir | Palisade Wall |
| 8:19 | Construir | Palisade Wall |
| 8:19 | Construir | Palisade Wall |
| 8:37 | Crear | Villager (Male) |
| 8:40 | Construir | Palisade Wall |
| 8:41 | Crear | Villager (Male) |
| 8:43 | Construir | Palisade Wall |
| 8:44 | Construir | Palisade Wall |
| 8:45 | Construir | Palisade Wall |
| 8:45 | Construir | Palisade Wall |
| 8:46 | Construir | Palisade Wall |
| 8:46 | Construir | Palisade Wall |
| 8:46 | Construir | Palisade Wall |
| 8:47 | Construir | Palisade Wall |
| 8:47 | Construir | Palisade Wall |
| 8:52 | Crear | Villager (Male) |
| 8:55 | Investigar | Loom |
| 8:55 | Crear | Villager (Male) |
| 9:02 | Construir | Palisade Wall |
| 9:03 | Construir | Palisade Wall |
| 9:17 | Investigar | Feudal Age |
| 9:26 | Construir | Palisade Wall |
| 9:58 | Construir | Farm |
| 9:58 | Crear | Villager (Male) |
| 10:05 | Crear | Villager (Male) |
| 10:09 | Crear | Villager (Male) |
| 10:13 | Crear | Villager (Male) |
| 10:20 | Crear | Villager (Male) |
| 10:24 | Crear | Villager (Male) |
| 10:50 | Crear | Villager (Male) |
| 11:12 | Crear | Villager (Male) |
| 11:27 | Construir | Farm |
| 11:32 | Crear | Villager (Male) |
| 11:45 | Edad | Edad Feudal |
| 11:49 | Construir | Market |
| 11:51 | Construir | Blacksmith |
| 11:54 | Crear | Villager (Male) |
| 12:00 | Crear | Villager (Male) |
| 12:39 | Investigar | Castle Age |
| 12:45 | Construir | Palisade Wall |
| 13:05 | Crear | Villager (Male) |
| 13:15 | Construir | Watch Tower |
| 13:17 | Crear | Villager (Male) |
| 13:26 | Crear | Villager (Male) |
| 14:56 | Crear | Villager (Male) |
| 15:19 | Edad | Edad de los Castillos |
| 15:19 | Construir | Siege Workshop |
| 15:21 | Construir | Siege Workshop |
| 15:34 | Crear | Villager (Male) |
| 16:02 | Crear | Scorpion |
| 16:11 | Construir | Watch Tower |
| 16:12 | Crear | Battering Ram |
| 16:19 | Crear | Villager (Male) |
| 16:22 | Crear | Scorpion |
| 16:24 | Crear | Villager (Male) |
| 16:31 | Crear | Villager (Male) |
| 16:38 | Crear | Scorpion |
| 16:50 | Crear | Scorpion |
| 17:44 | Crear | Scorpion |
| 17:56 | Crear | Scorpion |
| 18:51 | Crear | Battering Ram |
| 18:52 | Crear | Battering Ram |
| 20:21 | Crear | Scorpion |
| 20:23 | Crear | Villager (Male) |
| 21:06 | Crear | Scorpion |
| 22:10 | Crear | Scorpion |
| 23:19 | Crear | Mangonel |
| 24:57 | Crear | Mangonel |
Cronología de la partida
| 7:57 | _LY_Yo · first_building Barracks |
| 8:17 | Oni.Lewis · wall_segment Palisade Wall x1 |
| 8:18 | Oni.Lewis · wall_segment Palisade Wall x1 |
| 8:18 | Oni.Lewis · wall_segment Palisade Wall x1 |
| 8:18 | Oni.Lewis · wall_segment Palisade Wall x1 |
| 8:19 | Oni.Lewis · wall_segment Palisade Wall x1 |
| 8:19 | Oni.Lewis · wall_segment Palisade Wall x2 |
| 8:19 | Oni.Lewis · wall_segment Palisade Wall x1 |
| 8:19 | Oni.Lewis · wall_segment Palisade Wall x1 |
| 8:40 | Oni.Lewis · wall_segment Palisade Wall x9 |
| 8:43 | Oni.Lewis · wall_segment Palisade Wall x1 |
| 8:44 | Oni.Lewis · wall_segment Palisade Wall x1 |
| 8:45 | Oni.Lewis · wall_segment Palisade Wall x1 |
| 8:45 | Oni.Lewis · wall_segment Palisade Wall x1 |
| 8:46 | Oni.Lewis · wall_segment Palisade Wall x1 |
| 8:46 | Oni.Lewis · wall_segment Palisade Wall x1 |
| 8:46 | Oni.Lewis · wall_segment Palisade Wall x1 |
| 8:47 | Oni.Lewis · wall_segment Palisade Wall x1 |
| 8:47 | Oni.Lewis · wall_segment Palisade Wall x2 |
| 8:51 | _LY_Yo · age_up feudal |
| 8:55 | _LY_Yo · first_building Archery Range |
| 9:02 | Oni.Lewis · wall_segment Palisade Wall x1 |
| 9:03 | Oni.Lewis · wall_segment Palisade Wall x1 |
| 9:26 | Oni.Lewis · wall_segment Palisade Wall x1 |
| 11:45 | Oni.Lewis · age_up feudal |
| 12:06 | _LY_Yo · wall_segment Palisade Wall x9 |
| 12:23 | _LY_Yo · wall_segment Palisade Wall x1 |
| 12:25 | _LY_Yo · wall_segment Palisade Wall x3 |
| 12:38 | Oni.Lewis · first_market_sell 100 stone |
| 12:38 | _LY_Yo · wall_segment Palisade Wall x13 |
| 12:45 | Oni.Lewis · wall_segment Palisade Wall x1 |
| 14:22 | _LY_Yo · wall_segment Palisade Wall x1 |
| 15:19 | Oni.Lewis · age_up castle |
| 15:19 | Oni.Lewis · first_building Siege Workshop |
| 16:05 | Oni.Lewis · first_market_buy 100 wood |
| 21:10 | _LY_Yo · age_up castle |
| 21:20 | _LY_Yo · first_building Siege Workshop |
| 22:00 | _LY_Yo · first_market_sell 100 food |
| 22:01 | _LY_Yo · first_market_buy 100 wood |
| 24:41 | _LY_Yo · first_building Stable |
| 25:51 | Oni.Lewis · resign |
[ ANÁLISIS IA · 1 CRÉDITO ]
¿Qué pasó realmente en esta partida?
Wolo.gg analiza cada decisión: build order, eco, micro, errores típicos por bracket. Análisis personalizado por WhatsApp o Discord en 30 segundos.
Guía civ
Teutones
Perfil
Jugador #197964